Map: [ESL] Royal Blood

Players

Solar - Winner!

  • Race: Zerg Zerg
  • League: Master
  • Spawn Location: 7:00

LiquidElazer (Elazer)

  • Race: Zerg Zerg
  • League: Master
  • Spawn Location: 1:00

Event: HomeStory Cup XXIII

VOD

Have the link to the VOD?

Description

Time

  • Played on: July 2, 2023, 2:48 p.m.
  • Length: 5:54

All games in this series

Show
View Real Time Build Order
Export as new Build Order

Solar Zerg - Winner!

Build Orders: Hatch First 

Get SALT Encoding   

  12  0:00  Drone  
  13  0:12  Overlord  
  13  0:17  Drone  
  14  0:31  Drone x2  
  16  0:46  Hatchery  
  15  0:50  Drone  
  15  0:54  Drone  
  17  0:57  Drone  
  18  1:07  Extractor  
  17  1:12  Spawning Pool  
  17  1:15  Drone  
  17  1:19  Drone  
  18  1:29  Drone  
  19  1:39  Drone  
  20  1:54  Drone  
  20  1:59  Queen x2, Zergling x2  
  20  2:00  Overlord  
  26  2:08  Metabolic Boost  
  26  2:09  Zergling x2  
  26  2:10  Drone  
  28  2:20  Drone  
  28  2:21  Drone  
  30  2:32  Hatchery  
  30  2:35  Drone  
  30  2:41  Drone  
  30  2:42  Overlord  
  31  2:44  Drone  
  32  2:53  Drone  
  32  2:54  Drone  
  34  3:05  Zergling x2  
  34  3:06  Zergling x4  
  34  3:07  Zergling x10  
  42  3:14  Roach Warren  
  42  3:18  Drone  
  42  3:19  Overlord  
  42  3:27  Overlord  
  42  3:29  Overlord  
  40  3:54  Roach x3  
  46  4:01  Roach x5  
  53  4:05  Roach  
  53  4:07  Queen  
  53  4:11  Zergling x6  
  53  4:14  Roach  
  53  4:16  Overlord  
  58  4:19  Zergling x2  
  59  4:24  Zergling x2  
  59  4:31  Zergling x4  
  62  4:35  Zergling x2  
  62  4:37  Zergling x10  
  67  4:38  Zergling x2  
  67  4:40  Zergling x2  
  67  4:42  Zergling x2  
  70  4:47  Overlord  
  70  4:49  Zergling x2  
  71  4:55  Zergling x2  
  68  5:03  Zergling x6, Ravager  
  71  5:07  Zergling x2  
  71  5:08  Zergling x8  
  71  5:09  Ravager  
  71  5:11  Zergling x2  
  71  5:13  Zergling x2  
  78  5:17  Zergling x4  
  76  5:24  Zergling x6  
  76  5:29  Zergling x4  
  77  5:38  Ravager  
Show
View Real Time Build Order
Export as new Build Order

LiquidElazer Zerg 

Build Orders: Hatch First 

Get SALT Encoding   

  12  0:00  Drone  
  13  0:12  Overlord  
  13  0:17  Drone  
  14  0:30  Drone x2  
  16  0:47  Hatchery  
  15  0:50  Drone  
  15  0:54  Drone  
  17  0:58  Drone  
  18  1:08  Extractor  
  17  1:12  Spawning Pool  
  17  1:16  Drone  
  17  1:19  Drone  
  18  1:28  Drone  
  19  1:38  Drone  
  20  1:49  Drone  
  21  1:59  Queen x2  
  21  2:01  Drone, Overlord  
  26  2:08  Metabolic Boost  
  26  2:10  Drone  
  26  2:12  Drone  
  28  2:21  Drone x2  
  30  2:31  Hatchery  
  30  2:34  Zergling x2  
  30  2:39  Drone  
  31  2:44  Baneling Nest  
  31  2:46  Drone  
  31  2:47  Drone  
  32  2:53  Overlord  
  32  2:56  Zergling x2  
  33  3:06  Zergling x6  
  33  3:11  Overlord, Queen  
  38  3:16  Drone x3  
  38  3:19  Drone  
  42  3:30  Drone x3  
  42  3:31  Baneling x2  
  45  3:35  Zergling x2  
  45  3:37  Queen  
  45  3:38  Zergling x2  
  49  3:42  Zergling x4  
  49  3:45  Baneling x2  
  49  3:48  Zergling x6  
  52  3:53  Zergling x2  
  52  4:04  Overlord  
  52  4:06  Drone x3  
  52  4:13  Overlord  
  52  4:16  Queen  
  54  4:19  Drone x3  
  54  4:21  Roach Warren  
  56  4:28  Drone x5  
  61  4:34  Overlord  
  61  4:37  Zergling x4, Spine Crawler x2  
  61  4:41  Zergling x6  
  64  4:46  Zergling x6  
  67  4:54  Zergling x2  
  67  4:55  Zergling x6  
  63  5:00  Zergling x2  
  63  5:04  Zergling x4  
  60  5:07  Queen x2  
  60  5:13  Zergling x10  
  64  5:16  Queen  
  64  5:19  Zergling x4  
  59  5:23  Zergling x6  
  59  5:27  Roach  
  59  5:28  Roach  
  60  5:32  Roach  
Tags
 
Add a new tag
Caveats
  • Supply blocks, unpowered buildings, or Contaminate may cause inaccurate times.
  • Supply counts are checked every 10 seconds.